 Dungeon Crawl Stone Soup version 0.18-a0-775-g4d9e04e (webtiles) character file.

1082 homeworkjunkie the Chopper (level 8, -2/70 HPs)
             Began as a Hill Orc Fighter on Dec 13, 2015.
             Was a Follower of Okawaru.
             Slain by a centaur zombie (4 damage)
             ... on level 6 of the Dungeon.
             The game lasted 00:10:21 (4399 turns).

homeworkjunkie the Chopper (Hill Orc Fighter)       Turns: 4399, Time: 00:10:21

Health: -2/70      AC: 14    Str: 23    XL:     8   Next: 30%
Magic:  9/9        EV:  5    Int:  8    God:    Okawaru [*.....]
Gold:   356        SH: 10    Dex: 10    Spells: 0 memorised, 7 levels left

rFire  + . .     SeeInvis .     a - +1 war axe
rCold  x . .     Clarity  .     g - +0 plate armour
rNeg   . . .     SustAt   .     c - +0 shield
rPois  .         Gourm    .     p - +0 helmet
rElec  .         Spirit   .     (no cloak)
rCorr  .         Dismiss  .     (no gloves)
rMut   .         Stasis   .     (no boots)
MR     .....                    r - amulet of faith
Stlth  ..........               o - ring of fire
                                l - +2 ring of strength

@: lethally poisoned (-2 -> -11), glowing, not resistant to hostile
enchantments, extremely unstealthy
A: no striking features
a: Heroism, Renounce Religion


You were on level 6 of the Dungeon.
You worshipped Okawaru.
Okawaru was aware of your devotion.
You were not hungry.

You visited 2 branches of the dungeon, and saw 7 of its levels.

You collected 356 gold pieces.

Inventory:

Hand Weapons
 a - a +1 war axe (weapon)
Armour
 c - a +0 shield (worn)
 g - a +0 plate armour (worn)
 p - a +0 helmet (worn)
Jewellery
 l - a +2 ring of strength (left hand)
 o - a ring of fire (right hand)
 r - an amulet of faith (around neck)
Wands
 d - a wand of confusion (35)
 e - a wand of flame (10)
Potions
 h - a potion of mutation {unknown}
 j - a potion of magic {unknown}
 m - a potion of haste {unknown}
 q - 2 potions of agility {unknown}
 t - a potion of degeneration {unknown}
Comestibles
 f - 5 bread rations


   Skills:
 * Level 5.8 Fighting
 * Level 6.2 Axes
 * Level 6.0 Armour
 + Level 1.7 Dodging
 + Level 0.8 Stealth
 * Level 6.1 Shields
 * Level 1.8 Evocations


You had 7 spell levels left.
You didn't know any spells.

Dungeon Overview and Level Annotations

Branches:
Dungeon (6/15)             Temple (1/1) D:4

Altars:
Elyvilon
Gozag
Makhleb
Okawaru
Qazlal
Vehumet

Shops:
D:6 =


Message History

The water moccasin poisons you!
The centaur zombie hits you but does no damage.
You block the gnoll's attack. The giant frog hits you.
* * * LOW HITPOINT WARNING * * *
You closely miss the water moccasin.
The water moccasin is heavily wounded.
Your plate armour prevents you from hitting the gnoll shaman.
The gnoll shaman is heavily wounded.
You slash the centaur zombie!
Your plate armour prevents you from hitting the gnoll.
Your plate armour prevents you from hitting the giant frog.
* * * LOW HITPOINT WARNING * * *
You feel sick.
The water moccasin bites you but does no damage.
You block the centaur zombie's attack. The gnoll shaman hits you with a whip.
* * * LOW HITPOINT WARNING * * *
The giant frog hits you but does no damage.
The gnoll hits you but does no damage. You block the water moccasin's attack.
The centaur zombie hits you.
You die...

#.........
#........8. ∩.
#.........# .
#.........#.#
###.....<...#.#
#((...........#
#..#.........#
.gg.##...%)††gF#
......
#......oZ@#
.####
#.....[)gS#
##.......##
##[$...##
..###### ##. ##
. ########.


You could see a water moccasin, a giant frog, a gnoll shaman, a gnoll, an orc
and a centaur zombie.

Vanquished Creatures
  Sigmund (D:4)
  Duvessa (D:4)
  Purgy (D:4)
  A necrophage (D:6)
  A scorpion (D:6)
  Dowan (D:4)
  A crimson imp (D:6)
  2 hounds
  Ijyb (D:2)
  Terence (D:2)
  2 centaur skeletons
  2 orc wizards
  2 giant frog skeletons
  A hound zombie (D:6)
  Robin (D:3)
  3 gnolls (D:6)
  7 adders
  An ooze (D:3)
  4 worms
  6 giant geckos
  16 orcs
  5 bats
  13 goblins
  11 hobgoblins
  5 jackals
  3 quokkas
  A ball python (D:2)
  A giant cockroach (D:3)
  4 giant newts
  14 kobolds
  8 rats
121 creatures vanquished.

Vanquished Creatures (others)
  An orc (D:6)
1 creature vanquished.

Grand Total: 122 creatures vanquished

Notes
Turn   | Place    | Note
--------------------------------------------------------------
     0 | D:1      | homeworkjunkie the Hill Orc Fighter began the quest for the Orb.
     0 | D:1      | Reached XP level 1. HP: 19/19 MP: 1/1
   256 | D:1      | Reached XP level 2. HP: 24/27 MP: 2/2
   344 | D:2      | Found a radiant altar of Vehumet.
   345 | D:2      | Found a burning altar of Makhleb.
   531 | D:3      | Reached XP level 3. HP: 11/33 MP: 3/3
   842 | D:2      | Reached skill level 4 in Fighting
   861 | D:2      | Noticed Ijyb
   870 | D:2      | Killed Ijyb
   870 | D:2      | Reached XP level 4. HP: 33/40 MP: 4/4
  1160 | D:4      | Reached XP level 5. HP: 30/47 MP: 5/5
  1628 | D:2      | Noticed Terence
  1684 | D:2      | Killed Terence
  2347 | D:4      | Noticed Purgy
  2362 | D:4      | HP: 2/47 [Purgy (7)]
  2364 | D:4      | Killed Purgy
  2364 | D:4      | Reached skill level 1 in Dodging
  2364 | D:4      | Reached XP level 6. HP: 1/53 MP: 6/6
  2739 | D:3      | Noticed Robin
  2752 | D:3      | Killed Robin
  2752 | D:3      | Reached skill level 5 in Shields
  3440 | D:4      | Reached skill level 5 in Armour
  3578 | D:4      | Found a staircase to the Ecumenical Temple.
  3584 | Temple   | Entered the Ecumenical Temple
  3591 | Temple   | Became a worshipper of Warmaster Okawaru
  3610 | D:4      | Noticed Sigmund
  3629 | D:4      | Killed Sigmund
  3629 | D:4      | Reached skill level 5 in Fighting
  3629 | D:4      | Reached skill level 5 in Axes
  3629 | D:4      | Reached XP level 7. HP: 57/61 MP: 7/7
  3648 | D:4      | Noticed Duvessa
  3649 | D:4      | Noticed Dowan
  3665 | D:4      | Killed Dowan
  3693 | D:4      | Killed Duvessa
  3693 | D:4      | Reached skill level 1 in Evocations
  4034 | D:5      | Entered Level 5 of the Dungeon
  4284 | D:5      | Reached * piety under Okawaru
  4341 | D:6      | Reached XP level 8. HP: 63/69 MP: 9/9
  4384 | D:6      | Found Sorox's Jewellery Boutique.
  4394 | D:6      | Reached skill level 6 in Axes
  4399 | D:6      | HP: 3/70 [poisoned by a water moccasin]
  4399 | D:6      | Slain by a centaur zombie

Vault maps used:
D:1:      mrwooster_arrival_statue_3, minmay_misc_feat_four_crosses
D:2:      grunt_temple_overflow_open, first_bread, kennysheep_generic_room_14,
          uniq_iyjb, uniq_terence
D:3:      uniq_robin
D:4:      minmay_temple_entry_statues_pillars, uniq_duvessa, uniq_purgy,
          uniq_sigmund
D:5:      serial_shops, shop_coins
D:6:      basic_altar, serial_shops, shop_statue
Temple:   eino_wide_crystal_templ_15

Action                   |  1- 3 |  4- 6 |  7- 9 || total
-------------------------+-------+-------+-------++-------
Melee: War axe           |    72 |   228 |    23 ||   323
       Hand axe          |       |    45 |    68 ||   113
       Unarmed           |       |       |     6 ||     6
Evoke: Wand              |       |     1 |     7 ||     8
  Use: Potion            |     1 |     1 |     7 ||     9
       Scroll            |       |     5 |     3 ||     8
 Stab: Confused          |       |     1 |     2 ||     3
  Eat: Fruit             |       |     8 |       ||     8
       Pizza             |       |     2 |       ||     2
       Beef jerky        |       |     1 |     1 ||     2
